 Dungeon Crawl Stone Soup version 0.29.0-13-gc9e81de378 (webtiles) character file.

Game seed: 12195449149951410993

2146 SnakkuSnakku7 the Skirmisher (level 9, -4/58 HPs)
             Began as a Djinni Hunter on Sept 9, 2022.
             Was a Follower of Dithmenos.
             Shot with a sling bullet by Joseph (13 damage)
             ... on level 7 of the Dungeon.
             The game lasted 00:08:40 (5491 turns).

SnakkuSnakku7 the Skirmisher (Djinni Hunter)        Turns: 5491, Time: 00:08:41

Health: -4/58      AC: 16    Str: 10    XL:     9   Next: 56%
Gold:   329        EV: 11    Int: 11    God:    Dithmenos [*.....] SH:  0 Dex: 21

rFire   + + .      SeeInvis .   a - +1 shortbow (vorpal)
rCold   x . .      Faith    .   (shield currently unavailable)
rNeg    . . .      Spirit   .   x - +2 ring mail {Will+}
rPois   ∞          Reflect  .   (no helmet)
rElec   .          Harm     .   (no cloak)
rCorr   .          Rampage  .   D - +0 pair of gloves
Will    +....                   (boots unavailable)
Stlth   +.........              (no amulet)
HPRegen 0.19/turn               d - +4 ring of protection
MPRegen 0.00/turn               e - +4 ring of protection

@: flying, wreathed by umbra, studying Unarmed Combat
A: sickness immunity, fire resistance 2, cold vulnerability 1, float, innate
caster, HP casting, extra vitality 1
a: Renounce Religion


You were on level 7 of the Dungeon.
You worshipped Dithmenos.
Dithmenos was aware of your devotion.
You visited 1 branch of the dungeon, and saw 7 of its levels.
You also visited: Sewer.

You collected 329 gold pieces.

Inventory:

Hand Weapons
 a - a +1 vorpal shortbow (weapon)
Armour
 c - a +0 leather armour
 t - a +2 kite shield
 v - a +0 ring mail
 x - a +2 ring mail of willpower (worn)
 D - a +0 pair of gloves (worn)
Jewellery
 d - a +4 ring of protection (left hand)
 e - a +4 ring of protection (right hand)
 o - a +6 ring of dexterity
 s - a ring of see invisible
 u - a ring of protection from fire
Scrolls
 b - 2 scrolls of immolation
 f - 3 scrolls of magic mapping
 g - a scroll of enchant weapon
 h - a scroll of butterflies
 r - a scroll of fear
 w - a scroll of blinking
 y - a scroll of vulnerability {unknown}
 A - 2 scrolls of poison {unknown}
Potions
 i - a potion of heal wounds
 j - a potion of might
 k - a potion of berserk rage
 l - 2 potions of invisibility {unknown}
 m - a potion of lignification {unknown}
 n - a potion of mutation {unknown}
 p - 3 potions of brilliance {unknown}
 q - 3 potions of curing
 z - a potion of haste {unknown}
 B - 2 potions of ambrosia {unknown}
 C - a potion of flight {unknown}
 E - a potion of attraction {unknown}
 F - a potion of resistance {unknown}


   Skills:
 - Level 2.0 Fighting
 + Level 10.7 Ranged Weapons
 - Level 2.1 Dodging
 - Level 0.7 Stealth


You couldn't memorise any spells.
You knew the following spells:

 Your Spells              Type           Power      Damage    Failure   Level
a - Shock                 Conj/Air       0%         1d3       67%         1
b - Poisonous Vapours     Pois/Air       0%         N/A       80%         2
c - Static Discharge      Conj/Air       0%         3-3/arc   80%         2
d - Iskenderun's Mystic   Conj/Tloc      0%         2d3       100%        4
Your spell library was empty.


Dungeon Overview and Level Annotations

Branches:
Dungeon (7/15)             Temple (0/1) D:4           Sewer (visited)

Altars:
Dithmenos
Fedhas
Hepliaklqana
Xom

Shops:
D:1 :

Annotations:
D:7 Joseph


Innate Abilities, Weirdness & Mutations

You are immune to sickness and miasma.
You are immune to poison.
Your flesh is very heat resistant. (rF++)
You are vulnerable to cold. (rC-)
You float through the air rather than walking.
You learn spells naturally, not from books.
Your magical power is your life essence.
You have superior vitality. (+4 MHP)


Message History

Fire: a) +1 shortbow (vorpal)
Press: ? - help, Q - select action, (/) - cycle Shift-Dir - straight line, f/p - Joseph
Aim: Joseph, wielding a +0 sling, wearing a +0 ring mail and carrying a wand of iceblast (12) (severely wounded, 72% to hit)
You shoot an arrow. The arrow barely misses Joseph.
Joseph shoots a sling bullet.
The sling bullet closely misses you.
Fire: a) +1 shortbow (vorpal)
Press: ? - help, Q - select action, (/) - cycle Shift-Dir - straight line, f/p - Joseph
Aim: Joseph, wielding a +0 sling, wearing a +0 ring mail and carrying a wand of iceblast (12) (severely wounded, 72% to hit)
You shoot an arrow. The arrow closely misses Joseph.
Joseph shoots a sling bullet.
The sling bullet completely misses you.
Fire: a) +1 shortbow (vorpal)
Press: ? - help, Q - select action, (/) - cycle Shift-Dir - straight line, f/p - Joseph
Aim: Joseph, wielding a +0 sling, wearing a +0 ring mail and carrying a wand of iceblast (12) (severely wounded, 72% to hit)
You shoot an arrow. The arrow closely misses Joseph.
Joseph shoots a sling bullet.
The sling bullet barely misses you.
Fire: a) +1 shortbow (vorpal)
Press: ? - help, Q - select action, (/) - cycle Shift-Dir - straight line, f/p - Joseph
Aim: Joseph, wielding a +0 sling, wearing a +0 ring mail and carrying a wand of iceblast (12) (severely wounded, 72% to hit)
You shoot an arrow.
The arrow hits Joseph but does no damage.
Joseph is severely wounded.
Joseph shoots a sling bullet.
The sling bullet hits you.
Joseph shoots a sling bullet.
The sling bullet hits you!
* * * LOW HITPOINT WARNING * * *
Fire: a) +1 shortbow (vorpal)
Press: ? - help, Q - select action, (/) - cycle Shift-Dir - straight line, f/p - Joseph
Aim: Joseph, wielding a +0 sling, wearing a +0 ring mail and carrying a wand of iceblast (12) (severely wounded, 72% to hit)
You shoot an arrow.
The arrow hits Joseph but does no damage.
Joseph is severely wounded.
Joseph shoots a sling bullet.
The sling bullet hits you!
* * * LOW HITPOINT WARNING * * *
Fire: a) +1 shortbow (vorpal)
Press: ? - help, Q - select action, (/) - cycle Shift-Dir - straight line, f/p - Joseph
Aim: Joseph, wielding a +0 sling, wearing a +0 ring mail and carrying a wand of iceblast (12) (severely wounded, 72% to hit)
You shoot an arrow.
The arrow hits Joseph but does no damage.
Joseph is severely wounded.
Joseph shoots a sling bullet.
The sling bullet hits you!
You die...

#........+$......
#.#.#.#..#..........
#........#.........#
#.#.#.#.##..........
##......##..........
##.#.#.##..........
#......##..........
##.#.#...).........
#.........@).......
##.#.#..)###.......
#........# .......
##.#.#.### .......
#....... .......
##.#.#.# .......
...... .....@. .#
#+#....


You could see Joseph.

Vanquished Creatures
  Grinder (D:3)
  Sigmund (D:3)
  3 black bears (D:6)
  2 centaurs
  2 phantoms (D:5)
  An ogre (D:5)
  A kobold brigand (D:7)
  2 bullfrogs (Sewer)
  2 scorpions
  A wight (D:7)
  2 howler monkeys
  2 orc priests (D:6)
  4 hounds
  3 iguanas
  Jessica (D:3)
  Natasha (thrice) (D:3)
  2 orc wizards
  A river rat (D:6)
  13 adders
  2 shadow imps (D:5)
  2 white imps (D:5)
  An ufetubus (D:5)
  2 worms
  7 dart slugs
  6 orcs
  13 ball pythons
  5 bats
  14 endoplasms
  11 giant cockroaches
  5 hobgoblins
  11 quokkas
  9 frilled lizards
  10 goblins
  4 kobolds
  10 rats
159 creatures vanquished.

Vanquished Creatures (others)
  A plant (D:7)
1 creature vanquished.

Grand Total: 160 creatures vanquished

Notes
Turn   | Place    | Note
-------+----------+-------------------------------------------
     0 | D:1      | SnakkuSnakku7 the Djinni Hunter began the quest for the
                  | Orb.
     0 | D:1      | Reached XP level 1. HP: 18/18 MP: 0/0
   128 | D:1      | Reached XP level 2. HP: 23/23 MP: 0/0
   265 | D:1      | Found Fyarett's Book Shoppe.
   287 | D:1      | Reached XP level 3. HP: 28/28 MP: 0/0
   287 | D:1      | Learned a level 1 spell: Shock
   338 | D:1      | Reached skill level 4 in Ranged Weapons
  1268 | D:2      | Reached XP level 4. HP: 33/33 MP: 0/0
  1793 | D:3      | Noticed Natasha
  1802 | D:3      | Killed Natasha
  1914 | D:3      | Noticed Jessica
  1921 | D:3      | Killed Jessica
  1922 | D:3      | Reached skill level 5 in Ranged Weapons
  1922 | D:3      | Reached XP level 5. HP: 24/38 MP: 0/0
  1922 | D:3      | Learned a level 2 spell: Poisonous Vapours
  2060 | D:3      | Noticed Grinder
  2064 | D:3      | Paralysed by Grinder for 5 turns
  2078 | D:3      | Killed Grinder
  2079 | D:3      | Reached skill level 6 in Ranged Weapons
  2079 | D:3      | Reached XP level 6. HP: 32/43 MP: 0/0
  2243 | D:3      | Noticed Natasha
  2256 | D:3      | Killed Natasha
  2258 | D:3      | Noticed Natasha
  2278 | D:3      | Killed Natasha
  2290 | D:3      | Reached XP level 7. HP: 49/49 MP: 0/0
  2290 | D:3      | Learned a level 2 spell: Static Discharge
  2303 | D:3      | Found a shimmering altar of Xom.
  2303 | D:3      | You are sucked into a shaft and drop 3 floors!
  2421 | D:6      | Noticed a two-headed ogre
  2494 | D:6      | Reached skill level 7 in Ranged Weapons
  2523 | D:6      | Found a glowing drain.
  2541 | Sewer    | Entered a sewer
  2878 | Sewer    | Reached XP level 8. HP: 31/54 MP: 0/0
  2886 | Sewer    | Reached skill level 8 in Ranged Weapons
  3334 | D:6      | Found a blossoming altar of Fedhas.
  3469 | D:5      | Entered Level 5 of the Dungeon
  3544 | D:4      | Reached skill level 9 in Ranged Weapons
  3556 | D:4      | Found a shadowy altar of Dithmenos.
  3567 | D:4      | Became a worshipper of Dithmenos the Shadowed
  3611 | D:4      | Identified the +9 dagger "Huupsiti" {spect, rC+ Int-3
                  | Stlth+}
  3859 | D:3      | Noticed Sigmund
  3864 | D:3      | Killed Sigmund
  3865 | D:3      | Reached XP level 9. HP: 57/58 MP: 0/0
  3865 | D:3      | Learned a level 4 spell: Iskenderun's Mystic Blast
  3996 | D:4      | Found a staircase to the Ecumenical Temple.
  4474 | D:4      | Reached skill level 10 in Ranged Weapons
  4764 | D:5      | Reached * piety under Dithmenos
  4960 | D:5      | Found a hazy altar of Hepliaklqana.
  5477 | D:7      | Noticed Joseph
  5491 | D:7      | Shot with a sling bullet by Joseph

Illustrated notes

Levels and vault maps discovered:
D:1:      eino_arrival_cavern_d, layout_basic, serial_shops, nicolae_square_shop
D:2:      layout_basic
D:3:      kennysheep_the_goblin_king, layout_basic, xom_confusion_cloud,
          uniq_jessica, uniq_grinder, uniq_natasha, uniq_sigmund
D:4:      layout_rooms, mainiacjoe_overflow_alcove_1, minmay_temple_entry_trees,
          dk_noncrumbling_4, kennysheep_small_spiral,
          amcnicky_mini_corridor_feature
D:5:      layout_rooms, lemuel_round_altar, kennysheep_generic_room_9
D:6:      layout_basic, fedhas_altar_4, portal_sewer_entry_e,
          chequers_serial_rivers_room_a
D:7:      corexii_shantytown, layout_basic, amcnicky_altar_gilded,
          eino_tiny_chamber, serial_bayou_pond_d, minmay_misc_feat_alley,
          st_stairs_13, uniq_joseph

Skill      XL: |  1  2  3  4  5  6  7  8  9 |
---------------+----------------------------+-----
Ranged Weapons | 4 5 6 7 9 10 | 10.7
Fighting       | |  2.0
Dodging        | |  2.1
Stealth        | |  0.7

Action                   |  1- 3 |  4- 6 |  7- 9 || total
-------------------------+-------+-------+-------++-------
 Fire: Shortbow          |    69 |    91 |   360 ||   520
  Use: Scroll            |       |     6 |     6 ||    12
       Potion            |       |       |     1 ||     1
Armor: Leather armour    |     3 |    29 |    82 ||   114
       Ring mail         |       |       |    32 ||    32
Dodge: Dodged            |     9 |    35 |   149 ||   193
